MWL (24 & UNDER)
MANHATTEN MEATHEADS @ BARRY'S BAY ORIOLES
08/22/2028
 
TOP OF THE 1ST
Manhatten Meatheads batting - Pitching for Barry's Bay Orioles : RHP Artie Hall
Pitching: RHP Artie Hall
Batting: RHB Luis Reynoso 0-0: Ground out 6-3 (Groundball, 6)
Batting: LHB Manuel Ortega 0-0: Ball
1-0: Ball
2-0: Called Strike
2-1: Foul Ball, location: 2F
2-2: Strikes out swinging
Batting: RHB Jeff Vickers 0-0: Called Strike
0-1: Ball
1-1: Ball
2-1: Ground out 4-3 (Groundball, 4M)
Top of the 1st over - 0 run(s), 0 hit(s), 0 error(s), 0 left on base; Manhatten 0 - Barry's Bay 0
BOTTOM OF THE 1ST
Barry's Bay Orioles batting - Pitching for Manhatten Meatheads : RHP Iván Maldonado
Pitching: RHP Iván Maldonado
Batting: SHB Emílio Calvillo 0-0: Ground out 3-1 (Groundball, 34)
Batting: LHB Greg Sharpe 0-0: Ball
1-0: Foul Ball, location: 2F
1-1: Foul Ball, location: 2F
1-2: Strikes out looking
Batting: SHB Garrett Waller 0-0: Called Strike
0-1: Ball
1-1: SINGLE (Groundball, 34D)
Batting: SHB Terry Christian 0-0: Called Strike
0-1: Foul Ball, location: 2F
0-2: Ball
1-2: Foul Ball, location: 2F
1-2: Hit by Pitch
Garrett Waller to second
Batting: LHB Ryan Rheaume 0-0: Ball
1-0: Foul Ball, location: 2F
1-1: SINGLE (Groundball, 34D)
Garrett Waller to third
Terry Christian to second
Runner from 3rd tries for Home, SAFE, no throw
Batting: RHB Jim Martin 0-0: Ball
1-0: Fly out, F7 (Flyball, 7D)
Bottom of the 1st over - 1 run(s), 2 hit(s), 0 error(s), 2 left on base; Manhatten 0 - Barry's Bay 1
TOP OF THE 2ND
Manhatten Meatheads batting - Pitching for Barry's Bay Orioles : RHP Artie Hall
Batting: RHB George Green 0-0: Called Strike
0-1: Ball
1-1: Foul Ball, location: 2F
1-2: Foul Ball, location: 2F
1-2: Strikes out swinging
Batting: LHB Brent Haynes 0-0: Ball
1-0: Called Strike
1-1: Swinging Strike
1-2: Hit by Pitch
Batting: RHB José Esparza 0-0: Ball
1-0: Foul Ball, location: 2F
1-1: Foul Ball, location: 2F
1-2: Foul Ball, location: 2F
1-2: Fly out, F9 (Flyball, 9LS)
Batting: LHB Eric Dillard 0-0: Fielders Choice at 2nd, 4-6 (Groundball, 4)
Top of the 2nd over - 0 run(s), 0 hit(s), 0 error(s), 0 left on base; Manhatten 0 - Barry's Bay 1
BOTTOM OF THE 2ND
Barry's Bay Orioles batting - Pitching for Manhatten Meatheads : RHP Iván Maldonado
Batting: LHB Joe Vásquez 0-0: Ball
1-0: Foul Ball, location: 2F
1-1: SOLO HOME RUN (Flyball, 9D), Distance : 365 ft
Batting: RHB Bart Wade 0-0: Fly out, F9 (Flyball, 9)
Batting: RHB River Cunningham 0-0: Called Strike
0-1: Ball
1-1: Reached on error, E5 (Groundball, 56)
Batting: SHB Emílio Calvillo 0-0: Foul Ball, location: 2F
0-1: Called Strike
0-2: Strikes out swinging
Batting: LHB Greg Sharpe 0-0: Called Strike
0-1: Swinging Strike
0-2: Ball
1-2: Strikes out swinging
Bottom of the 2nd over - 1 run(s), 1 hit(s), 1 error(s), 1 left on base; Manhatten 0 - Barry's Bay 2
TOP OF THE 3RD
Manhatten Meatheads batting - Pitching for Barry's Bay Orioles : RHP Artie Hall
Batting: RHB Lúcio Sánchez 0-0: Called Strike
0-1: Fly out, F7 (Flyball, 7)
Batting: SHB León Glaviz 0-0: Called Strike
0-1: Ball
1-1: Hit by Pitch
Batting: RHB Luis Reynoso 0-0: Ball
1-0: Foul Ball, location: 2F
1-1: Foul Ball, location: 2F
1-2: Strikes out swinging
Batting: LHB Manuel Ortega 0-0: Fly out, F2 (Popup, 23)
Top of the 3rd over - 0 run(s), 0 hit(s), 0 error(s), 1 left on base; Manhatten 0 - Barry's Bay 2
BOTTOM OF THE 3RD
Barry's Bay Orioles batting - Pitching for Manhatten Meatheads : RHP Iván Maldonado
Batting: SHB Garrett Waller 0-0: Fly out, F4 (Popup, 3D)
Batting: SHB Terry Christian 0-0: Ground out 1-3 (Groundball, 15S)
Batting: LHB Ryan Rheaume 0-0: Fly out, F6 (Line Drive, 6)
Bottom of the 3rd over - 0 run(s), 0 hit(s), 0 error(s), 0 left on base; Manhatten 0 - Barry's Bay 2
TOP OF THE 4TH
Manhatten Meatheads batting - Pitching for Barry's Bay Orioles : RHP Artie Hall
Batting: RHB Jeff Vickers 0-0: SINGLE (Line Drive, 78S)
Batting: RHB George Green 0-0: Ball
1-0: Fly out, F9 (Flyball, 9)
Batting: LHB Brent Haynes 0-0: Called Strike
0-1: Foul Ball, location: 2F
0-2: Strikes out swinging
Jeff Vickers steals 2nd base
Batter strikes out.
Batting: RHB José Esparza 0-0: Foul Ball, location: 2F
0-1: Ground out 5-3 (Groundball, 5)
Top of the 4th over - 0 run(s), 1 hit(s), 0 error(s), 1 left on base; Manhatten 0 - Barry's Bay 2
BOTTOM OF THE 4TH
Barry's Bay Orioles batting - Pitching for Manhatten Meatheads : RHP Iván Maldonado
Batting: RHB Jim Martin 0-0: Ball
1-0: Ground out 5-3 (Groundball, 5)
Batting: LHB Joe Vásquez 0-0: Called Strike
0-1: Ball
1-1: Ground out 6-3 (Groundball, 6M)
Batting: RHB Bart Wade 0-0: Ball
1-0: Ball
2-0: Called Strike
2-1: Fly out, F8 (Flyball, 8LS)
Bottom of the 4th over - 0 run(s), 0 hit(s), 0 error(s), 0 left on base; Manhatten 0 - Barry's Bay 2
TOP OF THE 5TH
Manhatten Meatheads batting - Pitching for Barry's Bay Orioles : RHP Artie Hall
Batting: LHB Eric Dillard 0-0: Called Strike
0-1: Called Strike
0-2: Ball
1-2: Strikes out looking
Batting: RHB Lúcio Sánchez 0-0: Called Strike
0-1: Ball
1-1: Ball
2-1: Ball
3-1: Ground out 5-3 (Groundball, 56)
Batting: SHB León Glaviz 0-0: Ball
1-0: Ball
2-0: Called Strike
2-1: Foul Ball, location: 2F
2-2: Foul Ball, location: 2F
2-2: Strikes out looking
Top of the 5th over - 0 run(s), 0 hit(s), 0 error(s), 0 left on base; Manhatten 0 - Barry's Bay 2
BOTTOM OF THE 5TH
Barry's Bay Orioles batting - Pitching for Manhatten Meatheads : RHP Iván Maldonado
Batting: RHB River Cunningham 0-0: Ball
1-0: Called Strike
1-1: Ground out 5-3 (Groundball, 5S)
Batting: SHB Emílio Calvillo 0-0: Ball
1-0: Fly out, F9 (Flyball, 89S)
Batting: LHB Greg Sharpe 0-0: Called Strike
0-1: Foul Ball, location: 2F
0-2: Ball
1-2: Strikes out swinging
Bottom of the 5th over - 0 run(s), 0 hit(s), 0 error(s), 0 left on base; Manhatten 0 - Barry's Bay 2
TOP OF THE 6TH
Manhatten Meatheads batting - Pitching for Barry's Bay Orioles : RHP Artie Hall
Batting: RHB Luis Reynoso 0-0: Ball
1-0: SINGLE (Line Drive, 78S)
Batting: LHB Manuel Ortega 0-0: Ball
1-0: Ball
Luis Reynoso steals 2nd base
2-0: Ball
3-0: Called Strike
3-1: SINGLE (Line Drive, 34)
Luis Reynoso to third
Batting: RHB Jeff Vickers 0-0: Called Strike
0-1: Called Strike
Manuel Ortega steals 2nd base
0-2: Foul Ball, location: 2F
0-2: Foul Ball, location: 2F
0-2: Ball
1-2: Strikes out swinging
Batting: RHB George Green 0-0: Called Strike
0-1: Swinging Strike
0-2: Ball
1-2: Ball
2-2: SINGLE (Groundball, 6MD)
Luis Reynoso scores
Manuel Ortega to third
Runner from 3rd tries for Home, SAFE, no throw
Batting: LHB Brent Haynes 0-0: Grounds into double play, 4-6-3 (Groundball, 4)
Top of the 6th over - 2 run(s), 3 hit(s), 0 error(s), 0 left on base; Manhatten 2 - Barry's Bay 2
BOTTOM OF THE 6TH
Barry's Bay Orioles batting - Pitching for Manhatten Meatheads : RHP Iván Maldonado
Batting: SHB Garrett Waller 0-0: Ball
1-0: Swinging Strike
1-1: Called Strike
1-2: Foul Ball, location: 2F
1-2: Strikes out swinging
Batting: SHB Terry Christian 0-0: Ball
1-0: Called Strike
1-1: Foul Ball, location: 2F
1-2: Strikes out looking
Batting: LHB Ryan Rheaume 0-0: Fly out, F4 (Line Drive, 4)
Bottom of the 6th over - 0 run(s), 0 hit(s), 0 error(s), 0 left on base; Manhatten 2 - Barry's Bay 2
TOP OF THE 7TH
Manhatten Meatheads batting - Pitching for Barry's Bay Orioles : RHP Artie Hall
Batting: RHB José Esparza 0-0: Foul Ball, location: 2F
0-1: Ball
1-1: Swinging Strike
1-2: Ball
2-2: Foul Ball, location: 2F
2-2: Strikes out swinging
Batting: LHB Eric Dillard 0-0: Foul Ball, location: 2F
0-1: Ball
1-1: Ground out 6-3 (Groundball, 6)
Pinch Hitting: SHB José Sousa 0-0: Called Strike
0-1: Swinging Strike
0-2: Ball
1-2: Ball
2-2: Ball
3-2: SINGLE (Line Drive, 3S)
Pitching: RHP Richard Manley
Batting: SHB León Glaviz 0-0: 2-RUN HOME RUN (Flyball, 89XD), Distance : 382 ft
Batting: RHB Luis Reynoso 0-0: Ball
1-0: Ground out 5-3 (Groundball, 56S)
Top of the 7th over - 2 run(s), 2 hit(s), 0 error(s), 0 left on base; Manhatten 4 - Barry's Bay 2
BOTTOM OF THE 7TH
Barry's Bay Orioles batting - Pitching for Manhatten Meatheads : RHP Iván Maldonado
Now at 1B: José Sousa
Batting: RHB Jim Martin 0-0: Fly out, F9 (Flyball, 9S)
Batting: LHB Joe Vásquez 0-0: Foul Ball, location: 2F
0-1: Foul Ball, location: 2F
0-2: Strikes out looking
Batting: RHB Bart Wade 0-0: Called Strike
0-1: Called Strike
0-2: Ball
1-2: Foul Ball, location: 2F
1-2: Ball
2-2: Fly out, F3 (Line Drive, 34)
Bottom of the 7th over - 0 run(s), 0 hit(s), 0 error(s), 0 left on base; Manhatten 4 - Barry's Bay 2
TOP OF THE 8TH
Manhatten Meatheads batting - Pitching for Barry's Bay Orioles : RHP Richard Manley
Batting: LHB Manuel Ortega 0-0: Ball
1-0: Foul Ball, location: 2F
1-1: Called Strike
1-2: Strikes out swinging
Batting: RHB Jeff Vickers 0-0: Called Strike
0-1: Ball
1-1: Ball
2-1: Foul Ball, location: 2F
2-2: Ball
3-2: Base on Balls
Batting: RHB George Green 0-0: Swinging Strike
0-1: Swinging Strike
0-2: Grounds into double play, 6-4-3 (Groundball, 6)
Top of the 8th over - 0 run(s), 0 hit(s), 0 error(s), 0 left on base; Manhatten 4 - Barry's Bay 2
BOTTOM OF THE 8TH
Barry's Bay Orioles batting - Pitching for Manhatten Meatheads : RHP Iván Maldonado
Now at 3B: Hidalgo García
Batting: RHB River Cunningham 0-0: Called Strike
0-1: Called Strike
0-2: Ball
1-2: Ball
2-2: Strikes out swinging
Batting: SHB Emílio Calvillo 0-0: DOUBLE (Line Drive, 7LM)
Batting: LHB Greg Sharpe 0-0: Ball
1-0: Swinging Strike
1-1: Swinging Strike
1-2: Ball
2-2: Strikes out swinging
Batting: SHB Garrett Waller 0-0: Ball
1-0: Swinging Strike
1-1: Swinging Strike
1-2: Strikes out looking
Bottom of the 8th over - 0 run(s), 1 hit(s), 0 error(s), 1 left on base; Manhatten 4 - Barry's Bay 2
TOP OF THE 9TH
Manhatten Meatheads batting - Pitching for Barry's Bay Orioles : RHP Richard Manley
Batting: LHB Brent Haynes 0-0: Called Strike
0-1: Foul Ball, location: 2F
0-2: Strikes out swinging
Batting: RHB José Esparza 0-0: Called Strike
0-1: Ball
1-1: Ball
2-1: Called Strike
2-2: Ball
3-2: Foul Ball, location: 2F
3-2: Strikes out looking
Batting: LHB Eric Dillard 0-0: Called Strike
0-1: Foul Ball, location: 2F
0-2: Strikes out swinging
Top of the 9th over - 0 run(s), 0 hit(s), 0 error(s), 0 left on base; Manhatten 4 - Barry's Bay 2
BOTTOM OF THE 9TH
Barry's Bay Orioles batting - Pitching for Manhatten Meatheads : RHP Iván Maldonado
Pitching: RHP Ricardo Montero
Batting: SHB Terry Christian 0-0: Foul Ball, location: 2F
0-1: Ball
1-1: Called Strike
1-2: Ball
2-2: Strikes out looking
Batting: LHB Ryan Rheaume 0-0: Ground out 1-3 (Groundball, P)
Batting: RHB Jim Martin 0-0: Swinging Strike
0-1: Swinging Strike
0-2: Strikes out swinging
Bottom of the 9th over - 0 run(s), 0 hit(s), 0 error(s), 0 left on base; Manhatten 4 - Barry's Bay 2
Tuesday, August 8th, 2017 - OOTP Baseball 17.12 Build 75